 Dungeon Sprint DCSS version 0.19.0-11-g3fc08b3 (webtiles) character file.

173 equalderp2856 the Fighter (level 5, -13/34 HPs)
             Began as a Felid Fighter on Nov 9, 2016.
             Mangled by a slime creature (15 damage)
             ... in the Dungeon (Sprint I: "Red Sonja").
             The game lasted 00:01:35 (416 turns).

equalderp2856 the Fighter (Felid Fighter)            Turns: 416, Time: 00:01:35

Health: -13/34     AC:  2    Str: 14    XL:     5   Next: 28%
Magic:  6/6        EV: 19    Int:  9    God:
Gold:   297        SH:  0    Dex: 16    Spells: 0 memorised, 4 levels left
                                        Lives:  0   Deaths: 1

rFire  . . .     SeeInvis +       - Unarmed
rCold  . . .     Gourm    .     (armour unavailable)
rNeg   . . .     Faith    .     (shield unavailable)
rPois  .         Spirit   .     (helmet unavailable)
rElec  .         Reflect  .     (cloak unavailable)
rCorr  .         Harm     .     (gloves unavailable)
MR     .....     NoTele   +     (boots unavailable)
Stlth  +++.......               (no amulet)
                                (no ring)
                                (no ring)

@: quick
A: no armour, no weapons or thrown items, stealth, claws 1, fangs 3, see
invisible, carnivore 3, speed 1, shaggy fur 2, slow metabolism 1, sharp paws
a: no special abilities


You were in the Dungeon.
You were not hungry.

You visited 1 branch You collected 297 gold pieces.

Inventory:

Wands
 c - a wand of flame (44/48)
Scrolls
 h - a scroll of blinking
Potions
 a - a potion of might
 d - a potion of heal wounds
 e - a potion of haste
 f - 2 potions of magic
 g - a potion of berserk rage
Comestibles
 b - a meat ration


   Skills:
 * Level 12.7 Fighting
 - Level 4.0 Dodging
 - Level 3.1 Stealth
 - Level 4.0 Unarmed Combat


You had 4 spell levels left.
You didn't know any spells.

Dungeon Overview and Level Annotations

Branches:
Dungeon (1/1)

Altars:
Makhleb
Sif Muna
Vehumet
Xom
Jiyva
Lugonu


Innate Abilities, Weirdness & Mutations

You cannot wear armour.
You are incapable of wielding weapons or throwing items.
Your paws allow you to move quietly. (Stealth)
You have sharp claws.
You have razor-sharp teeth.
You have supernaturally acute eyesight. (SInv)
You are carnivorous and can eat meat at any time.
You cover ground quickly.
You are covered in thick fur. (AC +2)
You have a slow metabolism.
Your sharp claws are effective at attacking unaware monsters.


Message History

The slime creature quivers.
You claw the slime creature!
The slime creature is heavily wounded.
The slime creature hits you!
You scratch the slime creature but do no damage.
You bite the slime creature.
The slime creature is heavily wounded.
The slime creature jiggles.
The slime creature closely misses you.
You scratch the slime creature.
The slime creature is severely wounded.
The slime creature hits you.
You scratch the slime creature.
The slime creature is severely wounded.
The slime creature hits you!
* * * LOW HITPOINT WARNING * * *
You barely miss the slime creature.
The slime creature is severely wounded.
The slime creature hits you!
You die...

###################
#<.#..'..#.)'..#__#
#..').#J@'..#..'†.+
#..#####'#####'#__#
#..# #..#...#.####
#..# ####..##)#
#..# ##'#..+ #⌠⌠#
+..._# #### #_.#+#
##+#


You could see a slime creature.

Vanquished Creatures
  Sigmund (D)
  An ogre (D)
  A jelly (D)
  Ijyb (D)
4 creatures vanquished.

Notes
Turn   | Place    | Note
-------+----------+-------------------------------------------
     0 | D        | equalderp2856 the Felid Fighter began the quest for the Orb.
     0 | D        | Reached XP level 1. HP: 10/10 MP: 2/2
     2 | D        | Noticed Ijyb
    11 | D        | Killed Ijyb
    11 | D        | Reached skill level 6 in Fighting
    11 | D        | Reached XP level 2. HP: 15/17 MP: 3/3
    36 | D        | Noticed an ogre
    47 | D        | Killed an ogre
    47 | D        | Reached skill level 9 in Fighting
    47 | D        | Reached skill level 1 in Stealth
    47 | D        | Reached XP level 3. HP: 12/24 MP: 4/4
    47 | D        | Reached XP level 4. HP: 13/27 MP: 5/5
   202 | D        | Noticed Sigmund
   214 | D        | Killed Sigmund
   214 | D        | Reached skill level 12 in Fighting
   214 | D        | Reached XP level 5. HP: 19/34 MP: 6/6
   214 | D        | Gained mutation: You are covered in thick fur. (AC +2) [Felid growth]
   214 | D        | Reached XP level 6. HP: 22/39 MP: 7/7
   360 | D        | Found a burning altar of Makhleb.
   360 | D        | Found a viscous altar of Jiyva.
   360 | D        | Found a shimmering altar of Xom.
   360 | D        | Found a corrupted altar of Lugonu.
   360 | D        | Noticed a slime creature
   374 | D        | Slain by a slime creature
   375 | D        | Reached XP level 5. HP: 0/34 MP: 6/6
   386 | D        | Found a radiant altar of Vehumet.
   387 | D        | Found a deep blue altar of Sif Muna.
   416 | D        | Mangled by a slime creature

Skill      XL: |  1  2  3  4 |
---------------+-------------+-----
Fighting       | 6 9 12 | 12.7
Stealth        | 1 3 |  3.1
Dodging        | |  4.0
Unarmed Combat | |  4.0

Action                   |  1- 3 |  4- 6 || total
-------------------------+-------+-------++-------
Melee: Unarmed           |    15 |    28 ||    43
       Punch             |     1 |       ||     1
       Bite              |     2 |     8 ||    10
  Use: Potion            |       |     1 ||     1
 Stab: Sleeping          |       |     2 ||     2
Dodge: Dodged            |     9 |    13 ||    22
